 Dungeon Crawl Stone Soup version 0.16.1-11-g651b585 (webtiles) character file.

488 Radiman the Digger (level 7, -4/36 HPs)
             Began as a Gargoyle Earth Elementalist on Mar 31, 2015.
             Killed by nerve-wracking pain
             ... invoked by an orc priest
              (9 damage)
             ... on level 4 of the Dungeon.
             The game lasted 00:21:50 (3153 turns).

Radiman the Digger (Gargoyle Earth Elementalist)    Turns: 3153, Time: 00:21:50

Health: -4/36      AC:  9    Str: 12    XL:     7   Next: 13%
Magic:  3/18       EV: 12    Int: 17    God:
Gold:   155        SH:  0    Dex: 10    Spells: 3 memorised, 10 levels left

rFire  . . .     SeeInvis .     t - +0 flail
rCold  . . .     Clarity  .     z - +0 robe
rNeg   + . .     SustAb   .     (no shield)
rPois  ∞         Gourm    .     x - +0 helmet
rElec  +         Spirit   .     (no cloak)
rCorr  .         Warding  .     (no gloves)
rMut   .         Stasis   .     (no boots)
MR     .....                    (no amulet)
Stlth  ++........               (no ring)
                                s - +2 ring of protection

@: not resistant to hostile enchantments, unstealthy
A: negative energy resistance 1, electricity resistance, unbreathing,
petrification resistance, rot immunity, AC +4
a: no special abilities


You were on level 4 of the Dungeon.
You were not hungry.

You visited 1 branch of the dungeon, and saw 4 of its levels.

You collected 155 gold pieces.

Inventory:

Hand weapons
 t - a +0 flail (weapon)
Missiles
 b - 130 stones (quivered)
Armour
 x - a +0 helmet (worn)
 z - a +0 robe (worn)
Jewellery
 m - an uncursed amulet of rage
 s - a +2 ring of protection (left hand)
Magical devices
 e - a wand of digging (7)
Scrolls
 c - a scroll of amnesia {unknown}
 h - 2 scrolls of teleportation
 l - a scroll of remove curse
 p - a scroll of fog {unknown}
 r - 2 scrolls of magic mapping {unknown}
 u - 2 scrolls of enchant weapon {unknown}
Potions
 g - a potion of heal wounds
 j - 2 potions of magic {unknown}
 k - 2 potions of resistance {unknown}
 n - a potion of invisibility {unknown}
 o - 2 potions of haste {unknown}
 q - 2 potions of curing {unknown}
Books
 d - a book of Geomancy

   Spells                             Type                      Level
   a - Sandblast                      Earth                        1
   b - Stoneskin                      Transmutation/Earth          2
   c - Passwall                       Transmutation/Earth          3
   d - Stone Arrow                    Conjuration/Earth            3
   e - Petrify                        Transmutation/Earth          4
   f - Lee's Rapid Deconstruction     Earth                        5
Comestibles
 a - 3 bread rations
 f - 2 meat rations
 i - a slice of pizza
 v - a beef jerky


   Skills:
 - Level 1.5 Dodging
 - Level 2.1 Stealth
 * Level 5.1 Spellcasting
 + Level 3.1 Conjurations
 - Level 0.7 Transmutations
 + Level 5.9 Earth Magic


You had 10 spell levels left.
You knew the following spells:

 Your Spells              Type           Power        Failure   Level  Hunger
a - Sandblast             Erth           ###...       1%          1    None
b - Stoneskin             Trmt/Erth      ###.....     6%          2    #......
c - Stone Arrow           Conj/Erth      ###...       10%         3    ###....


Dungeon Overview and Level Annotations

Branches:
Dungeon (4/15)
 Temple: D:4-7

Altars:

Annotations:
D:4 exclusion: ogre


Innate Abilities, Weirdness & Mutations

You are resistant to torment.
You are immune to poison.
Your stone body is very resilient (AC +4).
You resist negative energy.
You are resistant to electric shocks.
You can survive without breathing.
You are immune to petrification.
You are immune to rotting.


Message History

The orc priest is moderately wounded.
The orc priest hits you with a flail of crushing.
* * * LOW HITPOINT WARNING * * *
x2
Casting: Sandblast
Confirm with . or Enter, or press ? or * to list all spells.
Aiming: Sandblast
Press: ? - help, Shift-Dir - straight line, f/p - orc priest
Aim: an orc priest, wielding a flail of crushing and wearing a ring mail (moderately wounded)
The blast of sand hits the orc priest.
The orc priest is moderately wounded.
The orc priest hits you but does no damage.
Casting: Sandblast
Confirm with . or Enter, or press ? or * to list all spells.
Aiming: Sandblast
Press: ? - help, Shift-Dir - straight line, f/p - orc priest
Aim: an orc priest, wielding a flail of crushing and wearing a ring mail (moderately wounded)
The blast of sand misses the orc priest.
The orc priest calls down the wrath of Beogh upon you.
Pain shoots through your body!
You die...

#.##..##.#### #.
#...........# ########.
#..#.....##..... .........
..##.##.# #### ######### #.
#.##.# #.. . #....# #.#
#.######.# #.#
#........################.#
########.o@................
#.#####.##.##....#.# #..#
#.##.#.# #..# # # #.# ...#
#.# #o#.. #.# #( .## ... ##
.# #.# o# #.#


You could see an orc priest.

Vanquished Creatures
  An ogre (D:4)
  Sigmund (D:4)
  Blork the orc (D:4)
  A hound (D:4)
  An orc priest (D:4)
  A giant frog skeleton (D:4)
  7 adders
  4 gnolls (D:4)
  2 worms
  An adder skeleton (D:4)
  5 giant geckos
  An ooze (D:1)
  3 orcs (D:3)
  8 bats
  8 hobgoblins
  3 giant cockroaches
  3 giant newts
  7 goblins
  2 jackals (D:2)
  7 kobolds
  8 rats
75 creatures vanquished.

Notes
Turn   | Place    | Note
--------------------------------------------------------------
     0 | D:1      | Radiman, the Gargoyle Earth Elementalist, began the quest for the Orb.
     0 | D:1      | Reached XP level 1. HP: 10/10 MP: 3/3
   152 | D:1      | Reached XP level 2. HP: 15/15 MP: 0/5
   227 | D:1      | Reached skill level 4 in Earth Magic
   730 | D:1      | Reached XP level 3. HP: 19/19 MP: 2/6
   839 | D:2      | Learned a level 2 spell: Stoneskin
   843 | D:2      | Learned a level 3 spell: Stone Arrow
  1005 | D:2      | Reached XP level 4. HP: 21/24 MP: 0/9
  1367 | D:2      | Reached skill level 1 in Conjurations
  2174 | D:3      | Reached XP level 5. HP: 28/28 MP: 9/11
  2567 | D:4      | Noticed an ogre
  2651 | D:4      | Reached skill level 5 in Earth Magic
  2837 | D:4      | Noticed Blork the orc
  2849 | D:4      | Killed Blork the orc
  2849 | D:4      | Reached XP level 6. HP: 29/32 MP: 8/15
  3036 | D:4      | Noticed Sigmund
  3047 | D:4      | Killed Sigmund
  3075 | D:4      | Noticed an ogre
  3081 | D:4      | Killed an ogre
  3137 | D:4      | Reached skill level 5 in Spellcasting
  3137 | D:4      | Reached XP level 7. HP: 22/36 MP: 11/18
  3153 | D:4      | Killed from afar by an orc priest

Action                   |  1- 3 |  4- 6 |  7- 9 || total
-------------------------+-------+-------+-------++-------
Melee: Whip              |     5 |    24 |       ||    29
       Flail             |       |     3 |       ||     3
 Cast: Sandblast         |    52 |   132 |    12 ||   196
  Use: Scroll            |       |     5 |       ||     5
  Eat: Chunk             |     1 |     6 |       ||     7
